 Dungeon Crawl Stone Soup version 0.16.2-12-gd0ad4c3 (webtiles) character file.

219 Krapule the Covered (level 5, -1/47 HPs)
             Began as a Minotaur Fighter on Sept 26, 2015.
             Slain by a gnoll sergeant
             ... wielding a +6 spear of freezing
              (3 damage)
             ... on level 3 of the Dungeon.
             The game lasted 00:09:19 (2593 turns).

Krapule the Covered (Minotaur Fighter)              Turns: 2593, Time: 00:09:19

Health: -1/47      AC:  4    Str: 20    XL:     5   Next: 64%
Magic:  2/2        EV:  9    Int:  6    God:
Gold:   126        SH:  9    Dex: 10    Spells: 0 memorised, 4 levels left

rFire  . . .     SeeInvis .     a - +1 long sword
rCold  . . .     Clarity  .     h - -2 ring mail (curse)
rNeg   . . .     SustAb   .     c - +0 shield
rPois  .         Gourm    .     (helmet restricted)
rElec  .         Spirit   .     (no cloak)
rCorr  .         Warding  .     (no gloves)
rMut   .         Stasis   .     (no boots)
MR     .....                    (no amulet)
Stlth  ..........               (no ring)
                                (no ring)

@: not resistant to hostile enchantments, extremely unstealthy
A: retaliatory headbutt, horns 2
a: no special abilities


You were on level 3 of the Dungeon.
You were not hungry.

You visited 1 branch of the dungeon, and saw 3 of its levels.

You collected 126 gold pieces.

Inventory:

Hand weapons
 a - a +1 long sword (weapon)
Armour
 b - a +0 scale mail
 c - a +0 shield (worn)
 h - a cursed -2 ring mail (worn)
Jewellery
 k - an uncursed amulet of stasis
Scrolls
 g - a scroll of teleportation
 j - a scroll of identify
 m - a scroll of magic mapping {unknown}
Potions
 e - 3 potions of might
 f - a potion of ambrosia
 l - 2 potions of cancellation {unknown}
 o - a potion of curing {unknown}
Comestibles
 d - a bread ration
 i - 9 fruits
 n - a beef jerky


   Skills:
 + Level 4.6 Fighting
 + Level 3.9 Long Blades
 + Level 4.9 Armour
 + Level 1.9 Dodging
 + Level 4.8 Shields


You had 4 spell levels left.
You didn't know any spells.

Dungeon Overview and Level Annotations

Branches:
Dungeon (3/15)

Altars:

Annotations:
D:2 Purgy


Innate Abilities, Weirdness & Mutations

You reflexively headbutt those who attack you in melee.
You have a pair of horns on your head.


Message History

The gnoll sergeant freezes you.
You hit the gnoll sergeant.
The gnoll sergeant is moderately wounded.
The gnoll sergeant hits you with a spear of freezing!
The gnoll sergeant freezes you. The gnoll sergeant blocks your attack.
The gnoll sergeant is moderately wounded.
The gnoll sergeant hits you with a spear of freezing.
The gnoll sergeant freezes you.
* * * LOW HITPOINT WARNING * * *
The gnoll sergeant hits you from afar with a spear of freezing.
* * * LOW HITPOINT WARNING * * *
The gnoll sergeant freezes you.
* * * LOW HITPOINT WARNING * * *
You see here a club.
The gnoll sergeant closely misses you.
The gnoll sergeant hits you from afar with a spear of freezing!
* * * LOW HITPOINT WARNING * * *
The gnoll sergeant freezes you.
You die...

#..# ##### #. #..#
#...# #. #..# #...# #.
#..# ####...####.
#..####g........#)
#####..g.g.g........#.
#....)#g###g..........
#.###...# ####...#####
#@.## #...# #..#
#..)##### #..#
#...[.))( #>..
#..(.####
##.#.....<..#.#
....#####.#.# ## .#
#.#รท# .#####.#)####
.........)...


You could see a gnoll sergeant and 2 gnolls.

Vanquished Creatures
  2 orc priests (D:3)
  5 adders
  A gnoll (D:3)
  2 worms (D:2)
  A giant gecko (D:1)
  10 orcs (D:3)
  9 bats
  3 giant cockroaches
  6 goblins
  9 hobgoblins
  5 jackals
  14 kobolds
  3 ball pythons
  4 giant newts
  19 rats
93 creatures vanquished.

Notes
Turn   | Place    | Note
--------------------------------------------------------------
     0 | D:1      | Krapule, the Minotaur Fighter, began the quest for the Orb.
     0 | D:1      | Reached XP level 1. HP: 19/19 MP: 1/1
   155 | D:1      | Reached XP level 2. HP: 24/27 MP: 1/1
   204 | D:1      | Reached skill level 4 in Armour
   285 | D:1      | Reached XP level 3. HP: 31/33 MP: 2/2
   854 | D:2      | Reached XP level 4. HP: 36/40 MP: 2/2
  1157 | D:2      | Reached skill level 1 in Dodging
  1581 | D:3      | Noticed Purgy
  2019 | D:3      | Reached XP level 5. HP: 35/47 MP: 2/2
  2593 | D:3      | HP: 2/47 [gnoll sergeant/spear of freezing (10)]
  2593 | D:3      | Slain by a gnoll sergeant

Action                   |  1- 3 |  4- 6 || total
-------------------------+-------+-------++-------
Melee: Long sword        |   143 |   129 ||   272
  Use: Scroll            |       |     5 ||     5
       Potion            |       |     1 ||     1
  Eat: Chunk             |       |     6 ||     6
